 Dungeon Crawl Stone Soup version 0.20.1-1-g8b1a95d (webtiles) character file.

296 grizmgrazm2 the Sneak (level 6, -2/43 HPs)
             Began as a Vampire Enchanter on Sept 29, 2017.
             Slain by a hound (5 damage)
             ... on level 5 of the Dungeon.
             The game lasted 00:04:57 (2344 turns).

grizmgrazm2 the Sneak (Vampire Enchanter)           Turns: 2344, Time: 00:04:58

Health: -2/43      AC:  2    Str:  7    XL:     6   Next: 12%
Magic:  1/10       EV: 13    Int: 24    God:
Gold:   40         SH:  0    Dex: 15    Spells: 5/11 levels left

rFire    . . .     SeeInvis +   a - +1 dagger
rCold    + + .     Gourm    .   (no shield)
rNeg     + + +     Faith    .   b - +0 robe
rPois    ∞         Spirit   .   (no helmet)
rElec    .         Reflect  .   (no cloak)
rCorr    .         Harm     .   (no gloves)
MR       .....                  (no boots)
Stlth    +++++.....             (no amulet)
Regen    0.0/turn               (no ring)
MPRegen  0.2/turn               (no ring)

@: brilliant, bloodless, non-regenerating
A: fangs 3, see invisible, unbreathing
a: Bat Form


You were on level 5 of the Dungeon.
You were bloodless.

You visited 1 branch of the dungeon, and saw 5 of its levels.

You collected 40 gold pieces.

Inventory:

Hand Weapons
 a - a +1 dagger (weapon)
Armour
 b - a +0 robe (worn)
Wands
 g - a wand of paralysis (8/24)
Scrolls
 f - 3 scrolls of remove curse
Books
 c - a book of Maledictions

   Spells                             Type                      Level
   a - Corona                         Hexes                        1
   b - Ensorcelled Hibernation        Hexes/Ice                    2
   c - Confuse                        Hexes                        3
   d - Tukima's Dance                 Hexes                        3
   e - Dazzling Spray                 Conjuration/Hexes            3


   Skills:
 + Level 1.0 Fighting
 + Level 2.4 Short Blades
 + Level 2.4 Dodging
 + Level 6.8 Stealth
 + Level 3.2 Spellcasting
 + Level 5.9 Hexes
 + Level 1.3 Ice Magic


You had 5 spell levels left.
You knew the following spells:

 Your Spells              Type           Power        Failure   Level  Hunger
a - Ensorcelled Hibernat  Hex/Ice        #####.       1%          2    ##.....
b - Confuse               Hex            #####...     1%          3    ###....
c - Corona                Hex            #####..      1%          1    None


Dungeon Overview and Level Annotations

Branches:
Dungeon (5/15)
 Temple: D:4-7

Altars:

Annotations:
D:2 Natasha


Innate Abilities, Weirdness & Mutations

You do not heal naturally.
You are immune to poison.
You have razor-sharp teeth.
You have supernaturally acute eyesight. (SInv)
You can survive without breathing.


Message History

You feel clever all of a sudden. The hound bites you.
It was a potion of lignification.
You feel woody for a moment. The hound bites you. x2
You don't have enough magic at the moment.
The hound bites you.
* * * LOW HITPOINT WARNING * * *
The hound bites you.
* * * LOW HITPOINT WARNING * * *
You don't have enough magic at the moment.
You aren't carrying any potions.
Okay, then.
Evoke which item? (* to show all) (? for menu, Esc to quit)
Aiming: Paralyse (will waste charges)
Press: ? - help, Shift-Dir - straight line, f/p - hound
Aim: a hound (chance to defeat MR: 54%)
The hound resists with significant effort.
Evoking this partially-identified wand wasted a few charges.
The hound bites you.
You die...

... ..... #........
..... +....#... ...
#....##........ .....#
............# .....+
...#.......#
......#####.#........
##+#.....#..............
.............#.h@.......
.....#####..............
.........#[.....#.......
.........#...$..........
##.....###..............
#.....+................
##.....##............##.
....##............####
....##............#


You could see a hound.

Vanquished Creatures
  2 scorpions
  A crimson imp (D:5)
  A quasit (D:5)
  2 hounds (D:4)
  A jelly (D:4)
  Ijyb (D:5)
  2 leopard geckos
  A giant cockroach (D:1)
  2 hobgoblins (D:1)
  A kobold (D:1)
  2 quokkas
  2 bats (D:1)
  3 frilled lizards
  A giant cockroach zombie (D:5)
  4 rats
26 creatures vanquished.

Notes
Turn   | Place    | Note
-------+----------+-------------------------------------------
     0 | D:1      | grizmgrazm2 the Vampire Enchanter began the quest for the Orb.
     0 | D:1      | Reached XP level 1. HP: 13/13 MP: 3/3
   694 | D:1      | Reached XP level 2. HP: 5/19 MP: 3/5
   698 | D:1      | Learned a level 2 spell: Ensorcelled Hibernation
  1187 | D:2      | Noticed Natasha
  1401 | D:4      | Reached skill level 5 in Stealth
  1401 | D:4      | Reached XP level 3. HP: 25/25 MP: 3/6
  1455 | D:4      | Learned a level 3 spell: Confuse
  1568 | D:4      | Reached skill level 5 in Hexes
  1568 | D:4      | Reached XP level 4. HP: 16/31 MP: 0/8
  1658 | D:4      | Reached skill level 1 in Fighting
  1658 | D:4      | Reached skill level 1 in Ice Magic
  1748 | D:5      | Entered Level 5 of the Dungeon
  1753 | D:5      | Reached XP level 5. HP: 29/37 MP: 9/9
  1786 | D:4      | Reached skill level 6 in Stealth
  2255 | D:5      | Reached XP level 6. HP: 43/43 MP: 10/10
  2319 | D:5      | Noticed Ijyb
  2325 | D:5      | Killed Ijyb
  2344 | D:5      | Slain by a hound

Skill      XL: |  1  2  3  4  5 |
---------------+----------------+-----
Stealth        | 5 6 |  6.8
Hexes          | 5 |  5.9
Fighting       | 1 |  1.0
Short Blades   | 2 |  2.4
Ice Magic      | 1 |  1.3
Spellcasting   | 3 |  3.2
Dodging        | |  2.4

Action                   |  1- 3 |  4- 6 || total
-------------------------+-------+-------++-------
Melee: Dagger            |    56 |    28 ||    84
       Bite              |     2 |     2 ||     4
 Cast: Corona            |    12 |       ||    12
       Ensorcelled Hiber |     8 |     7 ||    15
       Confuse           |     2 |     7 ||     9
Evoke: Wand              |       |     1 ||     1
  Use: Scroll            |     3 |       ||     3
       Potion            |     1 |     3 ||     4
 Stab: Sleeping          |     5 |     6 ||    11
       Confused          |     1 |     3 ||     4
Armor: Robe              |    11 |     4 ||    15
Dodge: Dodged            |    41 |    18 ||    59
